 Dungeon Crawl Stone Soup version 0.32-a0-350-g4f4d228 (webtiles) character file.

Game seed: 9170035284214287391

139 PublicAnimeNo1 the Trooper (level 5, -8/47 HPs)
             Began as a Mountain Dwarf Fighter on Feb 17, 2024.
             Killed by divine providence
             ... invoked by an orc priest
              (14 damage)
             ... on level 3 of the Dungeon.
             The game lasted 00:02:26 (1976 turns).

PublicAnimeNo1 the Trooper (Mountain Dwarf Fighter) Turns: 1976, Time: 00:02:27

Health: -8/47      AC:  8    Str: 18    XL:     5   Next: 1%
Magic:  5/5        EV:  8    Int: 11    God:
Gold:   110        SH: 10    Dex:  9    Spells: 4/4 levels left

rFire   . . .        e - +1 spear (venom)
rCold   . . .        i - +2 kite shield
rNeg    . . .        b - +0 scale mail
rPois   .            k - +0 helmet
rElec   .            (no cloak)
rCorr   .            (no gloves)
SInv    .            (no boots)
Will    .....        (no amulet) Stlth
                     (no ring)
HPRegen 0.27/turn    (no ring)
MPRegen 0.09/turn

%: no passive effects
@: mighty
A: runic magic, artefact enchanting
a: Convert to Beogh


You were on level 3 of the Dungeon.
You visited 1 branch of the dungeon, and saw 3 of its levels.

You collected 110 gold pieces.

Inventory:

Hand Weapons
 a - a +0 war axe
 e - a +1 spear of venom (weapon)
Armour
 b - a +0 scale mail (worn)
 c - a +0 buckler
 i - a +2 kite shield (worn)
 k - a +0 helmet (worn)
Scrolls
 f - a scroll of identify
 g - a scroll of immolation {unknown}
 h - 2 scrolls of teleportation
 m - a scroll of fog {unknown}
 n - a scroll of noise
Potions
 l - 2 potions of curing
 o - a potion of brilliance


   Skills:
 + Level 4.7 Fighting
 + Level 4.3 Axes
 - Level 3.2 Armour
 + Level 4.1 Shields


You had 4 spell levels left.
You didn't know any spells.
Your spell library was empty.

Dungeon Overview and Level Annotations

Branches:
Dungeon (3/15)

Altars:

Annotations:
D:3 Jessica


Innate Abilities, Weirdness & Mutations

Your spellcasting is much less encumbered by armour.
You can use scrolls of enchantment on lesser artefacts.


Message History

You barely miss the orc. You block the orc's attack.
The endoplasm hits you but does no damage.
You hit the orc.
The orc is moderately wounded.
The orc closely misses you. You block the endoplasm's attack.
You closely miss the orc.
The orc is moderately wounded.
The orc completely misses you.
The orc priest mumbles some strange prayers to Beogh against you.
Beogh smites you!
* * * LOW HITPOINT WARNING * * *
The endoplasm hits you but does no damage.
The orc hits you but does no damage.
You hear a shout!
Reach: e) +1 spear (venom)
Press: ? - help, Dir - move target, f - orc priest
Aim: an orc priest, wielding a +0 trident (about 38% to evade your +1 spear of venom)
The orc is in the way.
The orc priest threatens, "Beogh's wrath is as vast as their mercy.
Make your choice!"
You puncture the orc!
You kill the orc!
The orc priest hits you from afar with a +0 trident.
* * * LOW HITPOINT WARNING * * *
You block the endoplasm's attack.
You have reached level 5!
Reach: e) +1 spear (venom)
Press: ? - help, Dir - move target, f/p - orc priest
Aim: an orc priest, wielding a +0 trident (about 38% to evade your +1 spear of venom)
You reach to attack!
You puncture the orc priest!
The orc priest is severely wounded.
The orc wizard hits you but does no damage.
The orc priest barely misses you. You block the endoplasm's attack.
Reach: e) +1 spear (venom)
Press: ? - help, Dir - move target, f/p - orc priest
Aim: an orc priest, wielding a +0 trident (severely wounded, about 38% to evade your +1 spear of venom)
The orc wizard is in the way.
You closely miss the orc wizard.
An orc wizard comes into view. It is wielding a +0 dagger.
The orc priest calls down the wrath of Beogh upon you.
Beogh smites you!
You die...

###.....##
#.♣...♣..#
#........#
#...>....#
#........# #
#..o♣..#.# .#
#..o.o.†.# .#
##o#####†##.# #@#
#....#.####
#J######...#.#..
###.#....)...o§..# #
#...##.###...#o....<
#...'..# #####..#..
#...#### #..o.
#####...##########.#
.
..................)#
#####...##########.#


You could see an orc priest, 2 orc wizards and an endoplasm (poisoned).

Vanquished Creatures
  4 gnolls (D:2)
  2 adders
  2 dart slugs
  A ribbon worm (D:2)
  2 orcs (D:3)
  2 bats
  2 endoplasms (D:2)
  3 giant cockroaches
  6 goblins
  2 hobgoblins
  2 quokkas
  3 ball pythons
  A frilled lizard (D:2)
  6 kobolds
  7 rats
45 creatures vanquished.

Notes
Turn   | Place    | Note
-------+----------+-------------------------------------------
     0 | D:1      | PublicAnimeNo1 the Mountain Dwarf Fighter began the quest
                  | for the Orb.
     0 | D:1      | Reached XP level 1. HP: 19/19 MP: 1/1
    67 | D:1      | Reached XP level 2. HP: 26/26 MP: 2/2
   943 | D:2      | Reached XP level 3. HP: 33/33 MP: 3/3
  1353 | D:2      | Reached XP level 4. HP: 27/41 MP: 4/4
  1958 | D:3      | Noticed Jessica
  1975 | D:3      | Reached XP level 5. HP: 6/47 MP: 5/5
  1976 | D:3      | Killed from afar by an orc priest

Illustrated notes

Levels and vault maps discovered:
D:1:      saegor_arrival_simple_b, layout_basic
D:2:      layout_loops_corners, minmay_misc_feat_rows, kennysheep_small_spiral,
          minmay_mini_jars
D:3:      layout_basic, minitemple, ebering_ghost_reflecting_pool, serial_shops,
          shop, grunt_ministairs_1, uniq_jessica

Skill      XL: |  1  2  3  4 |
---------------+-------------+-----
Axes           | 3 4 |  4.3
Fighting       | 4 |  4.7
Shields        | 4 |  4.1
Armour         | |  3.2

Action                     |  1- 3 |  4- 6 || total
---------------------------+-------+-------++-------
  Melee: War axe           |    16 |       ||    16
         Spear             |    44 |    52 ||    96
    Use: Scroll            |       |     5 ||     5
         Potion            |       |     1 ||     1
 Armour: Scale mail        |    20 |    23 ||    43
  Dodge: Dodged            |    14 |    14 ||    28
  Block: Buckler           |     3 |       ||     3
         Kite shield       |    15 |    29 ||    44

Table legend: (Time is in decaauts)
 A = Elapsed time spent in this place.
 B = Non-inter-level travel time spent in this place.
 C = Inter-level travel time spent in this place.
 D = Time resting spent in this place.
 E = Time spent auto-exploring this place.
 F = Levels seen in this place.
 G = Mean time per level.
                   A        B        C        D        E       F      G
               +--------+--------+--------+--------+--------+-----+--------+
         Total |   1995 |   1953 |     42 |     13 |   1647 |   3 |  665.0 |
       Dungeon |   1995 |   1953 |     42 |     13 |   1647 |   3 |  665.0 |
               +--------+--------+--------+--------+--------+-----+--------+

Top non-repeatable levels by time:
     D:2: 1108 daAuts
     D:1: 785 daAuts
     D:3: 101 daAuts
